AoeStats
← NPG | Shimishi Maki

Lombardia

508757135Analyzed
4v4 RM · 8d ago on Sep 23, 2026· 33m 9s· 8 players
Game mode
Random Map
Map size
Large (8 player)
Population
200
Speed
Normal
Resources
Standard
Victory
Conquest
Starting age
Dark Age
Ending age
Imperial Age
RankedLock teamsTeams togetherTeam positionsShared explorationLock speedFull tech treeHidden civsTurbo modeCheats
Victory
Defeat
🇧🇷 Varangians · Brazil
1610
+13
🇨🇳 Franks · China
1552
+16
🇺🇸 Danes · United States
1515
+17
🇲🇽 Persians · Mexico
1479
+19
🇨🇱 Khmer · Chile
1662
-22
🇦🇷 Saxons · Argentina
1562
-17
🇦🇷 Teutons · Argentina
1521
-15
🇦🇷 Magyars · Argentina
1419
-11
DS_SayGG
6:58 Loom
9:15 Feudal Age
9:28 Man-at-Arms
9:55 Arson
9:57 Double-Bit Axe
21:42 Castle Age
20:29 Stone Mining
21:34 Forging
21:24 Scale Mail Armor
23:56 Squires
23:43 Gambesons
24:14 Chain Mail Armor
24:53 Wheelbarrow
robecha18
5:03 Loom
10:41 Feudal Age
11:25 Double-Bit Axe
11:37 Horse Collar
14:52 Forging
16:47 Scale Barding Armor
21:33 Town Watch
24:21 Castle Age
25:25 Chain Barding Armor
25:59 Bow Saw
26:35 Wheelbarrow
26:28 Heavy Plow
27:32 Hand Cart
27:44 Chain Barding Armor
29:01 Iron Casting
28:25 Gold Mining
29:18 Stone Mining
30:31 Gold Shaft Mining
31:21 Stone Shaft Mining
36:12 Imperial Age
我是你巴巴
6:53 Loom
9:08 Feudal Age
9:45 Double-Bit Axe
17:50 Scale Barding Armor
19:10 Wheelbarrow
19:46 Forging
24:44 Castle Age
25:50 Husbandry
26:12 Chain Barding Armor
26:32 Gold Mining
26:57 Bow Saw
29:00 Hand Cart
28:32 Town Watch
32:26 Stone Mining
Dakar1
9:20 Loom
11:39 Feudal Age
12:52 Double-Bit Axe
15:16 Castle Age
13:26 Horse Collar
17:22 Scale Barding Armor
26:30 Wheelbarrow
33:53 Imperial Age
URU | Deo
5:58 Loom
8:19 Feudal Age
8:56 Double-Bit Axe
24:42 Horse Collar
24:53 Gold Mining
Pipo
8:45 Feudal Age
8:37 Loom
9:31 Double-Bit Axe
19:17 Castle Age
17:33 Horse Collar
20:38 Bow Saw
21:16 Wheelbarrow
NPG | Shimishi Maki
5:52 Loom
8:01 Feudal Age
8:49 Double-Bit Axe
9:04 Horse Collar
18:53 Castle Age
17:16 Fletching
20:31 Bow Saw
VOY TEUTONES VOY
8:35 Loom
8:52 Loom
11:07 Feudal Age
15:02 Castle Age
13:26 Double-Bit Axe
13:43 Horse Collar
21:53 Bow Saw
24:34 Wheelbarrow
23:47 Town Watch
24:04 Heavy Plow
24:55 Fletching
26:06 Hand Cart
26:23 Gold Mining
28:06 Bodkin Arrow
29:17 Stone Mining
32:32 Imperial Age
30:50 Forging
30:53 Guard Tower
31:31 Scale Mail Armor
32:29 Chain Mail Armor
32:50 Iron Casting
34:12 Keep
Connection lost

Rejoining the realm…

Still unreachable

The connection could not be restored.

Session expired

The server has moved on; the page needs a fresh start.